[Event "27th CRO-chT 1A-Men 2018"]
[Site "Biograd"]
[Date "2018.09.14"]
[Round "7.9"]
[White "Lalic, Bogdan"]
[Black "Muse, Drazen"]
[Result "1/2-1/2"]
[ECO "A93"]
[WhiteElo "2403"]
[BlackElo "2352"]
[Annotator "NA"]
[PlyCount "26"]
[EventDate "2018.09.08"]
[EventType "team-tourn"]
[EventCountry "CRO"]
[SourceTitle "playchess.com"]
[Source "ChessBase"]
[SourceQuality "1"]
[TimeControl "40/5400+30:1800+30"]

1. d4 e6 2. c4 f5 3. Nf3 Nf6 4. g3 Be7 5. Bg2 O-O 6. O-O d5 7. b3 Nc6 8. Ba3 Bxa3 9. Nxa3 Ne4 10. Qc1 Bd7 11. Qb2 a5 12. Rac1 Be8 13. Nc2 f4 1/2-1/2

[Event "27th CRO-chT 1A-Men 2018"]
[Site "Biograd"]
[Date "2018.09.14"]
[Round "7.11"]
[White "Loncar, Robert"]
[Black "Zovko, Mario"]
[Result "1/2-1/2"]
[ECO "D13"]
[WhiteElo "2409"]
[BlackElo "2328"]
[Annotator "NA"]
[PlyCount "23"]
[EventDate "2018.09.08"]
[EventType "team-tourn"]
[EventCountry "CRO"]
[SourceTitle "playchess.com"]
[Source "ChessBase"]
[SourceQuality "1"]
[TimeControl "40/5400+30:1800+30"]

1. d4 d5 2. c4 c6 3. Nc3 Nf6 4. cxd5 cxd5 5. Bf4 a6 6. e3 Nc6 7. Nf3 e6 8. Bd3 Bb4 9. O-O O-O 10. Rc1 Bd7 11. a3 Be7 12. h3 1/2-1/2

[Event "27th CRO-chT 1A-Men 2018"]
[Site "Biograd"]
[Date "2018.09.14"]
[Round "7.21"]
[White "Biti, Ozren"]
[Black "Zivkovic, Vjekoslav"]
[Result "1/2-1/2"]
[ECO "B52"]
[WhiteElo "2366"]
[BlackElo "2358"]
[Annotator "NA"]
[PlyCount "21"]
[EventDate "2018.09.08"]
[EventType "team-tourn"]
[EventCountry "CRO"]
[SourceTitle "playchess.com"]
[Source "ChessBase"]
[SourceQuality "1"]
[TimeControl "40/5400+30:1800+30"]

1. e4 c5 2. Nf3 d6 3. Bb5+ Bd7 4. Bxd7+ Qxd7 5. O-O Nf6 6. Nc3 Nc6 7. d4 cxd4 8. Nxd4 e6 9. Re1 Be7 10. h3 O-O 11. Be3 1/2-1/2

[Event "27th CRO-chT 1A-Men 2018"]
[Site "Biograd"]
[Date "2018.09.14"]
[Round "7.22"]
[White "Mrkonjic, Nenad"]
[Black "Medak, Bojan"]
[Result "1/2-1/2"]
[ECO "A07"]
[WhiteElo "2352"]
[BlackElo "2367"]
[Annotator "NA"]
[PlyCount "20"]
[EventDate "2018.09.08"]
[EventType "team-tourn"]
[EventCountry "CRO"]
[SourceTitle "playchess.com"]
[Source "ChessBase"]
[SourceQuality "1"]
[TimeControl "40/5400+30:1800+30"]

1. Nf3 d5 2. g3 Nf6 3. Bg2 g6 4. O-O Bg7 5. d3 O-O 6. c3 Re8 7. Qc2 e5 8. e4 c6 9. Nbd2 Qc7 10. Rd1 a5 1/2-1/2

[Event "27th CRO-chT 1A-Men 2018"]
[Site "Biograd"]
[Date "2018.09.14"]
[Round "7.29"]
[White "Dutina, Dario"]
[Black "Golubovic, Boris"]
[Result "1/2-1/2"]
[ECO "B10"]
[WhiteElo "2245"]
[BlackElo "2386"]
[Annotator "NA"]
[PlyCount "39"]
[EventDate "2018.09.08"]
[EventType "team-tourn"]
[EventCountry "CRO"]
[SourceTitle "playchess.com"]
[Source "ChessBase"]
[SourceQuality "1"]
[TimeControl "40/5400+30:1800+30"]

1. e4 c6 2. Bc4 d5 3. Bb3 e6 4. d4 dxe4 5. Nc3 Nf6 6. Bg5 Be7 7. Nge2 $11 (7. Bxf6 $5 gxf6 8. Nxe4 $11) 7... Nbd7 8. Ng3 b6 9. Ncxe4 Nxe4 10. Bxe7 Qxe7 11. Nxe4 Bb7 12. O-O O-O 13. Qe2 c5 14. Rad1 Rad8 15. c3 cxd4 16. Rxd4 Bxe4 17. Rxe4 Nc5 18. Re3 Nxb3 19. axb3 a5 20. Rd1 1/2-1/2

[Event "27th CRO-chT 1A-Men 2018"]
[Site "Biograd"]
[Date "2018.09.14"]
[Round "7.30"]
[White "Petrov, Jole"]
[Black "Bozinovic, Bogdan"]
[Result "1-0"]
[ECO "A17"]
[WhiteElo "2397"]
[BlackElo "2229"]
[Annotator "NA"]
[PlyCount "75"]
[EventDate "2018.09.08"]
[EventType "team-tourn"]
[EventCountry "CRO"]
[SourceTitle "playchess.com"]
[Source "ChessBase"]
[SourceQuality "1"]
[TimeControl "40/5400+30:1800+30"]

1. Nf3 c5 2. c4 Nf6 3. Nc3 e6 4. g3 b6 5. Bg2 Bb7 6. O-O Be7 7. Re1 Ne4 8. Nxe4 Bxe4 9. d3 Bb7 10. e4 O-O 11. d4 cxd4 12. Nxd4 d6 13. Be3 {[%emt 0:00:30] A17: English Opening: 1...Nf6 with ...Bb4} (13. b3 a6 14. Bb2 Qc7 15. Qg4 g6 16. e5 Bxg2 17. exd6 Bxd6 18. Kxg2 Nd7 19. Nf3 Rad8 20. Rad1 Be7 {1-0 (54) Gelfand,B (2729)-Inarkiev,E (2702) Nazran 2017}) 13... Nd7 {[%emt 0:03:30] [#]} 14. Qc2 $146 ({Predecessor:} 14. Nb5 Ne5 15. b3 a6 16. Nc3 Qc7 17. Rc1 Rac8 18. f4 Nd7 19. Qd2 Rfe8 20. Red1 Rcd8 {1-0 (41) Banusz,T (2604)-Petrik,T (2477) Slovakia 2015}) 14... Qc7 15. Rac1 Rac8 16. b3 Qb8 17. a4 Nf6 18. Bd2 d5 19. exd5 Bxd5 20. Bxd5 Nxd5 21. Qe4 Nf6 $11 22. Qf3 Rfd8 23. Bc3 Qc7 24. Nb5 Qb8 25. a5 bxa5 26. Bxa5 Rd7 27. Red1 a6 28. Nd4 Bc5 29. Nc2 h6 30. b4 Be7 31. c5 Nd5 32. Ne3 Qb7 33. Kg2 Bg5 34. Nc4 Bxc1 35. Rxc1 Nxb4 36. Qxb7 Rxb7 37. Nd6 Nd3 38. Rc3 1-0